Description

Build I recreated from Stats recent GSL games in RO16. It does not cover all units.

VOD

https://www.youtube.com/watch?v=2S88Oj95o-A&ab_channel=AfreecaTVeSports

Build Order

Get SALT Encoding   

  14  0:18  Pylon  
  16  0:39  Gateway  
  17  0:48  Assimilator  
  20  1:25  Nexus  
  20  1:35  Cybernetics Core  
  21  1:43  Assimilator  
  22  1:54  Pylon  
  23  2:11  Adept  Chrono Boost
  26  2:18  Stargate  
  26  2:29  Warp Gate  
  28  2:34  Adept  
  36  3:02  Phoenix  
  38  3:07  Adept  
  40  3:14  Pylon  
  42  3:22  Phoenix  
  44  3:27  Assimilator  
  50  3:45  Assimilator  
  50  3:51  Pylon  
  50  3:54  Robotics Facility  
  52  4:06  Pylon  
  58  4:21  Gateway  
  60  4:37  Nexus  
  60  4:40  Pylon  
  61  4:47  Robotics Bay  
  61  4:48  Observer  
  66  5:13  Forge  
  66  5:15  Twilight Council  
  76  5:35  Colossus  
  76  5:37  Extended Thermal Lance  
  78  5:41  Centurion  
  80  5:42  Centurion  
  82  5:47  Shield Battery  
  85  5:52  Protoss Ground Weapons Level 1  
  85  5:56  Charge  
  88  6:07  Warp Gate  
  88  6:08  Warp Gate  
  94  6:27  Warp Gate x5  
  100  6:41  Assimilator x2  
  100  6:48  Pylon  
  101  6:55  Warp Prism  
  101  6:57  Pylon  
  101  7:07  Templar Archives  
  101  7:14  Zealot x5  
  111  7:21  Gravitic Drive  
  111  7:25  Disruptor  
  133  7:49  Blink  
  133  7:57  Protoss Ground Armor Level 1  
  149  8:21  Robotics Facility  
  153  8:25  Forge  
Spawning Tool Build Advisor. Get it on Overwolf

Go to:

Details

  • Created by: kerimovich
  • Published on: Oct 10, 2020
  • Modified on: Oct 10, 2020
  • Patch: 4.11.0
  • Difficulty: Medium
Show
View Real Time Build Order
Export as new Build Order

Comments (0)

There are no comments. Be the first!

Create an account to comment!